 Dungeon Crawl Stone Soup version 0.25-a0-292-gaa31f046c4 (webtiles) character file.

Game seed: 14598076598823544703, levelgen mode: deterministic

3139 MoonlitKnight the Fighter (level 9, -3/83 HPs)
             Began as a Minotaur Fighter on Dec 15, 2019.
             Was a Follower of the Shining One.
             Killed by divine providence
             ... invoked by an orc priest
              (12 damage)
             ... on level 8 of the Dungeon.
             The game lasted 00:13:09 (5996 turns).

MoonlitKnight the Fighter (Minotaur Fighter)        Turns: 5996, Time: 00:13:11

Health: -3/83      AC: 17    Str: 28    XL:     9   Next: 61%
Magic:  8/8        EV:  6    Int:  5    God:    the Shining One [*.....]
Gold:   331        SH: 12    Dex: 10    Spells: 8/8 levels left

rFire    . . .     SeeInvis .   a - +0 morningstar
rCold    . . .     Gourm    .   c - +0 shield
rNeg     . . .     Faith    .   w - +1 plate armour
rPois    +         Spirit   .   (helmet restricted)
rElec    .         Reflect  .   t - +0 cloak
rCorr    .         Harm     .   b - +0 pair of gloves
MR       .....                  (no boots)
Stlth    ..........             (no amulet)
HPRegen  0.23/turn              g - +4 ring of strength
MPRegen  0.11/turn              q - ring of poison resistance

@: glowing
A: retaliatory headbutt, horns 2
a: Renounce Religion


You were on level 8 of the Dungeon.
You worshipped the Shining One.
The Shining One was aware of your devotion.
You were not hungry.

You visited 1 branch of the dungeon, and saw 8 of its levels.

You collected 331 gold pieces.

Inventory:

Hand Weapons
 a - a +0 morningstar (weapon)
 D - the +6 hunting sling "Gawne" {velocity, MR+ Int+4 Stlth+, unknown}
   (You found it on level 5 of the Dungeon)

   Any stone fired from it inflicts extra damage.
   It affects your intelligence (+4).
   It affects your resistance to hostile enchantments.
   It makes you more stealthy.
Armour
 b - a +0 pair of gloves (worn)
 c - a +0 shield (worn)
 t - a +0 cloak (worn)
 w - a +1 plate armour (worn)
Jewellery
 g - a +4 ring of strength (left hand)
 q - a ring of poison resistance (right hand)
Wands
 l - a wand of paralysis (16)
 x - a wand of random effects (14)
 B - a wand of iceblast (5)
Scrolls
 e - 2 scrolls of teleportation
 h - a scroll of fog
 i - 5 scrolls of remove curse
 j - a scroll of blinking
 r - 4 scrolls of identify
 y - 2 scrolls of magic mapping
 A - 2 scrolls of noise {unknown}
Potions
 d - 2 potions of might
 k - 4 potions of heal wounds
 m - a potion of resistance {unknown}
 n - 2 potions of cancellation
 o - 2 potions of invisibility
 p - 4 potions of degeneration {unknown}
 s - a potion of lignification {unknown}
 u - 3 potions of berserk rage {unknown}
 v - 2 potions of flight {unknown}
 C - a potion of mutation {unknown}
 E - 2 potions of curing {unknown}
 F - a potion of magic {unknown}
Comestibles
 f - 7 rations
 z - 2 chunks of flesh


   Skills:
 + Level 9.0 Fighting
 + Level 8.4 Maces & Flails
 + Level 8.9 Armour
 + Level 8.9 Shields


You had 8 spell levels left.
You didn't know any spells.
Your spell library was empty.

Dungeon Overview and Level Annotations

Branches:
Dungeon (8/15)             Temple (0/1) D:7
   Lair: D:8-11

Altars:
Hepliaklqana
Makhleb
Okawaru
Uskayaw
Vehumet
Wu Jian
The Shining One

Shops:
D:5 *


Innate Abilities, Weirdness & Mutations

You reflexively headbutt those who attack you in melee.
You have a pair of horns on your head.


Message History

a +1 mace of holy wrath; 3 chunks of flesh; an orc skeleton An adder zombie comes into view.
Items here: )))) [[[ †† Butcher a gnoll corpse? [(y)es/(n)o/(a)ll/(q)uit/?]
You butcher the gnoll corpse.
The orc priest calls down the wrath of Beogh upon you.
Beogh smites you!
You stop butchering the corpse.
* * * LOW HITPOINT WARNING * * *
An orc comes into view.
It is wielding a +1 flail of protection.
The orc priest invokes the aid of Beogh against you.
Beogh smites you!
* * * LOW HITPOINT WARNING * * *
You block the adder zombie's attack.
You hit the orc priest but do no damage.
You headbutt the orc priest.
The orc priest is lightly wounded.
An orc wizard comes into view. It is wielding a +1 dagger of pain.
The orc priest mumbles some strange prayers to Beogh against you.
Beogh smites you!
You die...

## ....... . .... ...
..# #.## ..... . #.##..
..# .....
.o###....####.##...####
.......................
........#.<..........#
........####.........#
......o@.............#
......Z..####........#
.........))..#.......##
.........)##.#).....<..
........[..#.).........
........##...##.#.#....
.......#####.##........
..###.. #...###.....
### ..... .#...


You could see an orc priest, an orc wizard and an adder zombie.

Vanquished Creatures
  A troll (D:8)
  Grinder (D:3)
  2 water moccasins (D:7)
  Purgy (D:4)
  3 orc warriors
  3 sky beasts
  3 ogres (D:6)
  2 phantoms
  A centaur (D:5)
  2 bullfrogs
  2 scorpions
  4 crimson imps
  A centaur zombie (D:7)
  2 hounds
  A gnoll shaman (D:8)
  5 orc priests
  A bullfrog skeleton (D:4)
  An iguana (D:7)
  Ijyb (D:5)
  3 worker ants
  10 orc wizards
  A hound skeleton (D:6)
  A worker ant zombie (D:6)
  4 gnolls (D:8)
  13 adders
  A shadow imp (D:6)
  A worm (D:2)
  3 dart slugs
  2 leopard geckos
  43 orcs
  A ball python (D:2)
  8 giant cockroaches
  7 goblins
  3 hobgoblins (D:1)
  19 jackals
  6 kobolds
  6 quokkas
  8 bats
  11 frilled lizards
  A leopard gecko skeleton (D:5)
  A leopard gecko zombie (D:7)
  2 quokka skeletons
  10 rats
202 creatures vanquished.

Vanquished Creatures (others)
  A shadow imp (D:6)
1 creature vanquished.

Grand Total: 203 creatures vanquished

Notes
Turn   | Place    | Note
-------+----------+-------------------------------------------
     0 | D:1      | MoonlitKnight the Minotaur Fighter began the quest for the
                  | Orb.
     0 | D:1      | Reached XP level 1. HP: 19/19 MP: 0/0
    55 | D:1      | Reached XP level 2. HP: 27/27 MP: 1/1
   239 | D:1      | Reached skill level 4 in Fighting
   431 | D:1      | Reached XP level 3. HP: 21/33 MP: 2/2
  1115 | D:2      | Reached XP level 4. HP: 26/41 MP: 3/3
  1295 | D:2      | Found a burning altar of Makhleb.
  1956 | D:3      | Found a hazy altar of Hepliaklqana.
  1957 | D:3      | Found an iron altar of Okawaru.
  1985 | D:3      | Noticed an orc warrior
  1988 | D:3      | Reached XP level 5. HP: 46/47 MP: 4/4
  2002 | D:3      | Killed an orc warrior
  2002 | D:3      | Reached skill level 5 in Fighting
  2002 | D:3      | Reached skill level 5 in Armour
  2002 | D:3      | Reached skill level 5 in Shields
  2012 | D:3      | Reached XP level 6. HP: 27/56 MP: 5/5
  2549 | D:3      | Noticed Grinder
  2573 | D:3      | Killed Grinder
  2573 | D:3      | Reached skill level 5 in Maces & Flails
  2573 | D:3      | Reached XP level 7. HP: 26/62 MP: 6/6
  2993 | D:4      | Reached skill level 6 in Fighting
  3100 | D:4      | Noticed Purgy
  3110 | D:4      | Killed Purgy
  3212 | D:4      | Found a hide-covered altar of Uskayaw.
  3515 | D:5      | Entered Level 5 of the Dungeon
  3728 | D:5      | Reached XP level 8. HP: 71/71 MP: 7/7
  3780 | D:5      | Found Zuimm's Assorted Antiques.
  4003 | D:5      | Noticed Ijyb
  4017 | D:5      | Killed Ijyb
  4141 | D:5      | Reached skill level 7 in Fighting
  4147 | D:5      | Got a bone hunting sling
  4568 | D:6      | Found a radiant altar of Vehumet.
  4854 | D:6      | Reached skill level 8 in Fighting
  4916 | D:6      | Reached XP level 9. HP: 81/81 MP: 8/8
  4979 | D:6      | Found a glowing golden altar of the Shining One.
  4992 | D:6      | Found an ornate altar of the Wu Jian Council.
  5363 | D:6      | Became a worshipper of the Shining One
  5712 | D:7      | Found a staircase to the Ecumenical Temple.
  5923 | D:8      | Reached * piety under the Shining One
  5933 | D:8      | Noticed a troll
  5943 | D:8      | Killed a troll
  5974 | D:8      | Reached skill level 9 in Fighting
  5996 | D:8      | Killed from afar by an orc priest

Levels and vault maps discovered:
D:1:      dpeg_arrival_shelter, layout_basic, minmay_tromino_v4_c
D:2:      layout_loops_ring, old_standard_altar, minmay_worlds_worst_comb
D:3:      minmay_evil_eye, layout_rooms, overflow_temple_1_default,
          okawaru_metal_pillars_1_2, uniq_grinder
D:4:      layout_rooms, overflow_temple_1_default, uniq_purgy
D:5:      layout_basic, first_ration, serial_shops, nicolae_shop_statue_plus,
          chequers_serial_rivers_room_a, uniq_ijyb
D:6:      layout_loops_cross, fiery_altar_vehumet,
          amethyst_overflow_temple_binary
D:7:      layout_rooms, minmay_temple_entry_junction
D:8:      layout_rooms, grunt_dithmenos_smoke_and_mirrors

Skill      XL: |  1  2  3  4  5  6  7  8  9 |
---------------+----------------------------+-----
Shields        | 4 5 6 7 8 |  8.9
Fighting       | 4 5 6 8 9 |  9.0
Armour         | 4 5 6 7 8 |  8.9
Maces & Flails | 3 4 5 6 7 8 |  8.4

Action                   |  1- 3 |  4- 6 |  7- 9 || total
-------------------------+-------+-------+-------++-------
Melee: Flail             |   103 |   166 |   160 ||   429
       Headbutt          |    17 |    35 |    60 ||   112
       Morningstar       |       |       |   171 ||   171
  Use: Scroll            |       |       |    11 ||    11
  Eat: Chunk             |     1 |     5 |    11 ||    17
Armor: Scale mail        |    54 |       |       ||    54
       Chain mail        |       |    67 |       ||    67
       Plate armour      |       |    21 |   221 ||   242
Dodge: Dodged            |    38 |    34 |    94 ||   166
Block: Shield            |    64 |    95 |   203 ||   362

Table legend:
 A = Non-vault XP
 B = Vault XP
 C = Vault XP percentage of total XP
 D = Non-vault monster count
 E = Vault monster count
 F = Vault count percentage of total count
                 A         B        C        D         E       F
            +---------+---------+-------+---------+---------+-------
      Total |    4018 |     467 |  10.4 |     191 |      11 |   5.4
            +---------+---------+-------+---------+---------+-------
        D:1 |      52 |       2 |   3.7 |      28 |       1 |   3.4
        D:2 |      94 |       8 |   7.8 |      22 |       4 |  15.4
        D:3 |     385 |     287 |  42.7 |      37 |       4 |   9.8
        D:4 |     325 |     134 |  29.2 |      12 |       1 |   7.7
        D:5 |     484 |      36 |   6.9 |      22 |       1 |   4.3
        D:6 |    1009 |       0 |   0.0 |      34 |       0 |   0.0
        D:7 |     763 |       0 |   0.0 |      19 |       0 |   0.0
        D:8 |     906 |       0 |   0.0 |      17 |       0 |   0.0
            +---------+---------+-------+---------+---------+-------
